 Dungeon Crawl Stone Soup version 0.20-a0-555-gf6ae02d (webtiles) character file.

37 Klosterheim the Slasher (level 3, -3/31 HPs)
             Began as a Minotaur Fighter on Feb 5, 2017.
             Slain by a gnoll
             ... wielding a +0 spear
              (4 damage)
             ... on level 2 of the Dungeon.
             The game lasted 00:01:16 (966 turns).

Klosterheim the Slasher (Minotaur Fighter)           Turns: 966, Time: 00:01:17

Health: -3/31      AC:  6    Str: 20    XL:     3   Next: 21%
Magic:  2/2        EV:  7    Int:  5    God:
Gold:   89         SH:  9    Dex: 10    Spells: 2/2 levels left

rFire    . . .     SeeInvis .   a - +0 long sword
rCold    . . .     Gourm    .   b - +0 scale mail
rNeg     . . .     Faith    .   c - +0 shield
rPois    .         Spirit   .   (helmet restricted)
rElec    .         Reflect  .   (no cloak)
rCorr    .         Harm     .   (no gloves)
MR       .....                  (no boots)
Stlth    ..........             (no amulet)
Regen    0.1/turn               (no ring)
                                (no ring)

@: no status effects
A: retaliatory headbutt, horns 2
a: no special abilities


You were on level 2 of the Dungeon.
You were not hungry.

You visited 1 branch of the dungeon, and saw 2 of its levels.

You collected 89 gold pieces.

Inventory:

Hand Weapons
 a - a +0 long sword (weapon)
Armour
 b - a +0 scale mail (worn)
 c - a +0 shield (worn)
Jewellery
 e - an uncursed ring of flight {unknown}
Scrolls
 k - 2 scrolls of identify {unknown}
 l - a scroll of fear {unknown}
 m - a scroll of amnesia {unknown}
 p - a scroll of enchant weapon {unknown}
Potions
 d - 2 potions of might
 j - 2 potions of curing {unknown}
 o - a potion of heal wounds {unknown}
 q - a potion of berserk rage {unknown}
Comestibles
 f - a bread ration
 g - a fruit
 h - 2 royal jellies
 i - 13 chunks of flesh
 n - a meat ration


   Skills:
 - Level 3.6 Fighting
 + Level 4.4 Long Blades
 - Level 3.6 Armour
 - Level 3.6 Shields


You had 2 spell levels left.
You didn't know any spells.

Dungeon Overview and Level Annotations

Branches:
Dungeon (2/15)

Altars:
Cheibriados


Innate Abilities, Weirdness & Mutations

You reflexively headbutt those who attack you in melee.
You have a pair of horns on your head.


Message History

There are monsters nearby!
A gnoll comes into view. It is wielding a halberd.
The gnoll shouts! x2
The gnoll hits you from afar with a spear!
Found 8 gold pieces.
There is an open door here.
You see here a rat corpse.
There are monsters nearby!
The gnoll hits you but does no damage. x2
There are monsters nearby!
You closely miss the gnoll. The gnoll barely misses you. x2
You block the gnoll's attack. The gnoll hits you but does no damage.
The gnoll hits you from afar with a spear.
You block the gnoll's attack.
The gnoll hits you from afar with a halberd!
Ouch! That really hurt!
* * * LOW HITPOINT WARNING * * *
A dart slug comes into view.
The gnoll hits you from afar with a spear.
You die...

# #...####### #
#.......... #
#####..........
#########..............
.....(..........>......
#########...)..........
# #####.......... #
#.(..#### # #####@### #
#.......# ### #...gg..#
..# #....gg.# ..#
#.......# ..# #....[...
..# #......... ###
#.....w..$. #
#..........#


You could see 4 gnolls and a dart slug (wandering).

Vanquished Creatures
  A dart slug (D:2)
  A leopard gecko (D:1)
  7 bats
  7 goblins
  4 hobgoblins
  4 kobolds
  A frilled lizard (D:1)
  5 rats
30 creatures vanquished.

Notes
Turn   | Place    | Note
-------+----------+-------------------------------------------
     0 | D:1      | Klosterheim the Minotaur Fighter began the quest for the Orb.
     0 | D:1      | Reached XP level 1. HP: 19/19 MP: 0/0
    52 | D:1      | Reached skill level 3 in Long Blades
   227 | D:1      | Reached XP level 2. HP: 24/26 MP: 1/1
   746 | D:1      | Reached skill level 4 in Long Blades
   779 | D:2      | Found a snail-covered altar of Cheibriados.
   798 | D:2      | Found a faded altar of an unknown god.
   804 | D:2      | Reached XP level 3. HP: 30/31 MP: 2/2
   965 | D:2      | HP: 1/31 [gnoll/halberd (16)]
   966 | D:2      | Slain by a gnoll

Vault maps used:
D:1:      minmay_arrival_open_corners, st_stairs_10, minmay_misc_feat_roman
D:2:      kennysheep_slug_shrine, serial_bayou, serial_bayou_lagoon_a,
          serial_bayou_pond_c, serial_bayou_pond_e, serial_bayou_shore_a,
          chequers_ecumenical_altar_simple_redux

Skill      XL: |  1  2 |
---------------+-------+-----
Long Blades    | 3 4 |  4.4
Fighting       | |  3.6
Armour         | |  3.6
Shields        | |  3.6

Action                   || total
-------------------------++-------
Melee: Long sword        ||    77
       Headbutt          ||     6
Armor: Scale mail        ||    40
Dodge: Dodged            ||    22
Block: Shield            ||    39
       Rpst.: Long sword ||     5
